 Dungeon Crawl Stone Soup version 0.31.0-11-ge490571c62 (webtiles) character file.

Game seed: 17678329912040997816

354 shadizar the Magician (level 6, -8/48 HPs)
             Began as a Djinni Conjurer on Jan 26, 2024.
             Mangled by a wight
             ... wielding a +5 halberd
              (15 damage)
             ... on level 4 of the Dungeon.
             The game lasted 00:03:24 (3032 turns).

shadizar the Magician (Djinni Conjurer)             Turns: 3032, Time: 00:03:25

Health: -8/48      AC:  2    Str:  6    XL:     6   Next: 94%
Gold:   199        EV: 12    Int: 21    God:
                   SH:  0    Dex: 12

rFire   + + .        (no weapon)
rCold   x . .        (no shield)
rNeg    . . .        a - +0 robe
rPois   ∞            (no helmet)
rElec   .            (no cloak)
rCorr   .            (no gloves)
SInv    .            (boots unavailable)
Will    .....        (no amulet)
Stlth   ++           (no ring)
HPRegen 0.28/turn    (no ring)
MPRegen 0.00/turn

%: infuse magic (-9 HP)
@: flying
A: sickness immunity, fire resistance 2, cold vulnerability 1, float, innate
caster, HP casting, extra vitality 1
a: no special abilities


You were on level 4 of the Dungeon.
You visited 1 branch of the dungeon, and saw 4 of its levels.

You collected 199 gold pieces.

Inventory:

Armour
 a - a +0 robe (worn)
Jewellery
 g - a ring of fire
Scrolls
 b - a scroll of poison {unknown}
 c - 5 scrolls of identify {unknown}
 d - 2 scrolls of revelation {unknown}
 h - a scroll of immolation {unknown}
 i - a scroll of blinking {unknown}
 k - a scroll of fog {unknown}
 l - a scroll of amnesia {unknown}
Potions
 e - 2 potions of ambrosia {unknown}
 f - a potion of might {unknown}
 j - a potion of haste {unknown}
 m - a potion of cancellation {unknown}


   Skills:
 + Level 4.4 Fighting
 - Level 2.1 Dodging
 - Level 1.5 Stealth
 + Level 5.0 Spellcasting
 + Level 5.0 Conjurations
 + Level 5.0 Hexes
 + Level 5.0 Summonings
 + Level 5.0 Necromancy
 + Level 5.0 Translocations
 + Level 5.0 Fire Magic
 + Level 5.0 Ice Magic
 + Level 5.0 Air Magic
 + Level 5.0 Earth Magic
 + Level 5.0 Alchemy


You knew the following spells:

 Your Spells              Type           Power      Damage    Failure   Level
a - Magic Dart            Conj           100%       1d8       1%          1
b - Searing Ray           Conj           52%        2d6       1%          2
c - Fulminant Prism       Conj/Alch      13%        3d8       14%         4
d - Iskenderun's Mystic   Conj/Tloc      26%        2d7       14%         4
e - Slow                  Hex            100%       N/A       1%          1
f - Static Discharge      Conj/Air       52%        3-6/arc   1%          2
Your spell library was empty.

Dungeon Overview and Level Annotations

Branches:
Dungeon (4/15)
 Temple: D:4-7

Altars:
Ru


Innate Abilities, Weirdness & Mutations

You are immune to sickness and miasma.
You are immune to poison.
Your flesh is very heat resistant. (rF++)
You are vulnerable to cold. (rC-)
You float through the air rather than walking.
You learn spells naturally, not from books.
Your magical power is your life essence.
You have superior vitality. (+4 MHP)


Message History

Aiming: Searing Ray (safe; 1% risk of failure)
Press: ? - help, Shift-Dir - straight line, f/p - hound
Aim: a hound (heavily wounded, 71% to hit)
The searing ray hits the hound.
The hound is severely wounded. (Press . to maintain the ray.) Unknown command.
Unknown command.
Unknown command.
The searing ray misses the hound.
The hound bites you. The hound bites you but does no damage.
The searing ray hits the hound!
You kill the hound!
The searing ray hits the dart slug.
The dart slug is heavily wounded.
The magic dart hits the dart slug!
You kill the dart slug!
You can't see any susceptible monsters within range! (Use Z to cast anyway.)
You hear the slow hiss of an avalanche of sand nearby.
A wight comes into view. It is wielding a +5 halberd.
Things that are here:
a hound corpse; a hound corpse The magic dart hits the wight but does no damage.
A wight comes into view. It is wielding a +0 flail.
The magic dart hits the wight but does no damage.
The magic dart hits the wight.
The wight is moderately damaged.
The wight barely misses you.
The magic dart hits the wight but does no damage.
The wight is moderately damaged.
The wight hits you from afar with a +5 halberd!
* * * LOW HITPOINT WARNING * * *
Casting: Magic Dart (safe; 1% risk of failure)
Confirm with . or Enter, or press ? or * to list all spells.
You erupt in a blast of force!
The mystic blast hits the wight but does no damage.
The wight is moderately damaged.
* * * LOW HITPOINT WARNING * * *
The wight hits you from afar with a +5 halberd!
You die...

#.# ########.#
.........######.#
#########.......#
#............#
#.####.#####.#
...#####.# #.#
.........####.#
.....zz.@..##.#
....!#####.##.#
...# .##.# .. .#
.# . .# .. .. ..


You could see 2 wights.

Vanquished Creatures
  2 hounds (D:4)
  3 orc priests (D:3)
  Jessica (D:2)
  Natasha (twice) (D:2)
  An iguana (D:4)
  2 adders
  3 dart slugs
  3 ribbon worms
  10 orcs
  8 endoplasms
  A giant cockroach (D:3)
  6 goblins
  3 hobgoblins
  5 kobolds
  4 quokkas
  7 ball pythons
  4 bats
  5 frilled lizards
  A rat (D:3)
71 creatures vanquished.

Vanquished Creatures (others)
  A fulminant prism (D:4)
1 creature vanquished.

Grand Total: 72 creatures vanquished

Notes
Turn   | Place    | Note
-------+----------+-------------------------------------------
     0 | D:1      | shadizar the Djinni Conjurer began the quest for the Orb.
     0 | D:1      | shadizar set off with the following spells memorised: Magic
                  | Dart, Searing Ray, Fulminant Prism, Iskenderun's Mystic
                  | Blast.
     0 | D:1      | Reached XP level 1. HP: 15/15 MP: 0/0
   182 | D:1      | Reached XP level 2. HP: 20/22 MP: 0/0
   202 | D:1      | Reached skill level 1 in Fighting
   674 | D:1      | Found a faded altar of an unknown god.
   833 | D:2      | Reached XP level 3. HP: 26/27 MP: 0/0
   833 | D:2      | Learned a level 1 spell: Slow
   962 | D:2      | Noticed Jessica
   970 | D:2      | Killed Jessica
   971 | D:2      | Reached XP level 4. HP: 9/33 MP: 0/0
  1372 | D:2      | Noticed Natasha
  1375 | D:2      | Killed Natasha
  1584 | D:2      | Reached XP level 5. HP: 33/40 MP: 0/0
  1584 | D:2      | Learned a level 2 spell: Static Discharge
  1885 | D:2      | Noticed Natasha
  1893 | D:2      | Killed Natasha
  2063 | D:3      | Reached XP level 6. HP: 15/46 MP: 0/0
  2406 | D:3      | Found a sacrificial altar of Ru.
  2965 | D:4      | Noticed a steam dragon
  3003 | D:4      | Reached skill level 5 in Spellcasting
  3003 | D:4      | Reached skill level 5 in Conjurations
  3003 | D:4      | Reached skill level 5 in Hexes
  3003 | D:4      | Reached skill level 5 in Summonings
  3003 | D:4      | Reached skill level 5 in Necromancy
  3003 | D:4      | Reached skill level 5 in Translocations
  3003 | D:4      | Reached skill level 5 in Fire Magic
  3003 | D:4      | Reached skill level 5 in Ice Magic
  3003 | D:4      | Reached skill level 5 in Air Magic
  3003 | D:4      | Reached skill level 5 in Earth Magic
  3003 | D:4      | Reached skill level 5 in Alchemy
  3032 | D:4      | Mangled by a wight

Illustrated notes

Levels and vault maps discovered:
D:1:      dpeg_arrival_connections, layout_loops_ring,
          ebering_ecumenical_altar_hall
D:2:      layout_basic, uniq_natasha, uniq_jessica
D:3:      cheibrodos_pilgrimage, layout_loops_cross, nicolae_ru_path_of_blood,
          glass_columns_b
D:4:      layout_loops_ring, enter_ossuary_4

Skill      XL: |  1  2  3  4  5  6 |
---------------+-------------------+-----
Fighting       | 1 2 3 4 |  4.4
Spellcasting   | 4 5 |  5.0
Conjurations   | 4 5 |  5.0
Hexes          | 4 5 |  5.0
Summonings     | 4 5 |  5.0
Necromancy     | 4 5 |  5.0
Translocations | 4 5 |  5.0
Fire Magic     | 4 5 |  5.0
Ice Magic      | 4 5 |  5.0
Air Magic      | 4 5 |  5.0
Earth Magic    | 4 5 |  5.0
Alchemy        | 4 5 |  5.0
Dodging        | |  2.1
Stealth        | |  1.5

Action                     |  1- 3 |  4- 6 || total
---------------------------+-------+-------++-------
   Cast: Magic Dart        |    49 |   111 ||   160
         Searing Ray       |     1 |     8 ||     9
         Iskenderun's Myst |       |     3 ||     3
         Fulminant Prism   |       |     1 ||     1
 Armour: Robe              |     3 |    12 ||    15
  Dodge: Dodged            |     7 |    11 ||    18
